TOP OF THE 1ST |
Niagara Falls Frenzy batting - Pitching for Plymouth Rocks : RHP Lorenzo Aguilar
|
Pitching: RHP Lorenzo Aguilar
|
|
Batting: SHB Martín De Jesús
|
0-0: Ball 1-0: SINGLE (Line Drive, 9LS)
|
Batting: RHB Zander Tremblett
|
0-0: Foul Ball, location: 2F 0-1: Ball 1-1: Grounds into double play, 5-4-3 (Groundball, 56)
|
Batting: LHB Clyde Yarbrough
|
0-0: Ball 1-0: Ball 2-0: Ball 3-0: Called Strike 3-1: TRIPLE (Line Drive, 3L)
|
Batting: LHB Dante Owens
|
0-0: Called Strike 0-1: Ground out 5-3 (Groundball, 5S)
|
Top of the 1st over - 0 run(s), 2 hit(s), 0 error(s), 1 left on base; Niagara Falls 0 - Plymouth 0 |
BOTTOM OF THE 1ST |
Plymouth Rocks batting - Pitching for Niagara Falls Frenzy : RHP Tom Moore
|
Pitching: RHP Tom Moore
|
|
Batting: RHB Luis Sánchez
|
0-0: Ball 1-0: Ground out 5-3 (Groundball, 56)
|
Batting: RHB Andrés Lara
|
0-0: Ball 1-0: Called Strike 1-1: Ground out 6-3 (Groundball, 6)
|
Batting: LHB Roy Patrick
|
0-0: Ball 1-0: Foul Ball, location: 2F 1-1: Foul Ball, location: 2F 1-2: Ball 2-2: Strikes out swinging
|
Bottom of the 1st over - 0 run(s), 0 hit(s), 0 error(s), 0 left on base; Niagara Falls 0 - Plymouth 0 |
TOP OF THE 2ND |
Niagara Falls Frenzy batting - Pitching for Plymouth Rocks : RHP Lorenzo Aguilar
|
Batting: RHB Lawrence Schroeder
|
0-0: Ball 1-0: Called Strike 1-1: Ball 2-1: Swinging Strike 2-2: Ball 3-2: Base on Balls
|
Batting: LHB Bill Hall
|
0-0: Ball 1-0: Ball 2-0: Ball 3-0: Base on Balls Lawrence Schroeder to second
|
Batting: RHB Ángel Hinojosa
|
0-0: Called Strike 0-1: Reached on error, E6 (Groundball, 6M) Lawrence Schroeder to third Bill Hall to second
|
Batting: RHB Jung-ha Kim
|
0-0: Ball 1-0: Ball 2-0: Grounds into double play, 6-4-3 (Groundball, 6) Lawrence Schroeder scores Bill Hall to third
|
Batting: RHB Santiago Zambrano
|
0-0: Foul Ball, location: 2F 0-1: Foul Ball, location: 2F 0-2: Fly out, F9 (Flyball, 89S)
|
Top of the 2nd over - 1 run(s), 0 hit(s), 1 error(s), 1 left on base; Niagara Falls 1 - Plymouth 0 |
BOTTOM OF THE 2ND |
Plymouth Rocks batting - Pitching for Niagara Falls Frenzy : RHP Tom Moore
|
Batting: SHB Greg Welch
|
0-0: Ball 1-0: Foul Ball, location: 2F 1-1: Foul Ball, location: 2F 1-2: Foul Ball, location: 2F 1-2: Ball 2-2: Ground out 1-3 (Groundball, 15)
|
Batting: LHB Barrett Waters
|
0-0: Called Strike 0-1: Ball 1-1: Ground out 4-3 (Groundball, 34)
|
Batting: RHB António Zúńiga
|
0-0: Ball 1-0: Called Strike 1-1: Foul Ball, location: 2F 1-2: Ball 2-2: Strikes out looking
|
Bottom of the 2nd over - 0 run(s), 0 hit(s), 0 error(s), 0 left on base; Niagara Falls 1 - Plymouth 0 |
TOP OF THE 3RD |
Niagara Falls Frenzy batting - Pitching for Plymouth Rocks : RHP Lorenzo Aguilar
|
Batting: SHB Martín De Jesús
|
0-0: Bunted foul 0-1: Ball 1-1: Swinging Strike 1-2: Foul Ball, location: 2F 1-2: Strikes out swinging
|
Batting: RHB Zander Tremblett
|
0-0: Foul Ball, location: 2F 0-1: Ball 1-1: Ball 2-1: DOUBLE (Groundball, 5L)
|
Batting: LHB Clyde Yarbrough
|
0-0: Ball Wild Pitch! Zander Tremblett to third 1-0: Ball 2-0: Ball 3-0: Called Strike 3-1: SINGLE (Groundball, 4MD) Zander Tremblett scores
|
Batting: LHB Dante Owens
|
0-0: Ball 1-0: Fielders Choice at 2nd, 6-4 (Groundball, 6)
|
Batting: RHB Lawrence Schroeder
|
0-0: Called Strike 0-1: Foul Ball, location: 2F 0-2: Strikes out looking
|
Top of the 3rd over - 1 run(s), 2 hit(s), 0 error(s), 1 left on base; Niagara Falls 2 - Plymouth 0 |
BOTTOM OF THE 3RD |
Plymouth Rocks batting - Pitching for Niagara Falls Frenzy : RHP Tom Moore
|
Batting: RHB José Flores
|
0-0: Called Strike 0-1: Ground out 6-3 (Groundball, 6S)
|
Batting: RHB Ray Yates
|
0-0: Called Strike 0-1: Ball 1-1: Ball 2-1: Ground out 6-3 (Groundball, 6)
|
Batting: RHB Anthony Rucker
|
0-0: Swinging Strike 0-1: Foul Ball, location: 2F 0-2: Ball 1-2: SINGLE (Line Drive, 8LS)
|
Batting: RHB Luis Sánchez
|
0-0: Ground out 1-3 (Groundball, 15)
|
Bottom of the 3rd over - 0 run(s), 1 hit(s), 0 error(s), 1 left on base; Niagara Falls 2 - Plymouth 0 |
TOP OF THE 4TH |
Niagara Falls Frenzy batting - Pitching for Plymouth Rocks : RHP Lorenzo Aguilar
|
Batting: LHB Bill Hall
|
0-0: Ball 1-0: Swinging Strike 1-1: Ball 2-1: SINGLE (Line Drive, 56)
|
Batting: RHB Ángel Hinojosa
|
0-0: Ball 1-0: Swinging Strike 1-1: SINGLE (Line Drive, 56D) Bill Hall to second
|
Batting: RHB Jung-ha Kim
|
0-0: Called Strike 0-1: Foul Ball, location: 2F 0-2: Strikes out swinging
|
Batting: RHB Santiago Zambrano
|
0-0: Ball 1-0: Ball 2-0: Grounds into double play, 4-6-3 (Groundball, 34)
|
Top of the 4th over - 0 run(s), 2 hit(s), 0 error(s), 1 left on base; Niagara Falls 2 - Plymouth 0 |
BOTTOM OF THE 4TH |
Plymouth Rocks batting - Pitching for Niagara Falls Frenzy : RHP Tom Moore
|
Batting: RHB Andrés Lara
|
0-0: Ball 1-0: Ball 2-0: Ball 3-0: Called Strike 3-1: Base on Balls
|
Batting: LHB Roy Patrick
|
0-0: Ball 1-0: Called Strike 1-1: Ball 2-1: SINGLE (Groundball, 6MD) Andrés Lara to second
|
Batting: SHB Greg Welch
|
0-0: Foul Ball, location: 2F 0-1: SINGLE (Line Drive, 34D) Andrés Lara to third Roy Patrick to second
|
Batting: LHB Barrett Waters
|
0-0: Fielders Choice at 2nd, 3-6 (Groundball, 3) Andrés Lara scores Roy Patrick to third
|
Batting: RHB António Zúńiga
|
0-0: Ball Barrett Waters is caught stealing 2nd base 1-0: Swinging Strike 1-1: Ground out 6-3 (Groundball, 6)
|
Bottom of the 4th over - 1 run(s), 2 hit(s), 0 error(s), 1 left on base; Niagara Falls 2 - Plymouth 1 |
TOP OF THE 5TH |
Niagara Falls Frenzy batting - Pitching for Plymouth Rocks : RHP Lorenzo Aguilar
|
Batting: SHB Martín De Jesús
|
0-0: Foul Ball, location: 2F 0-1: SINGLE (Groundball, 13) (infield hit)
|
Batting: RHB Zander Tremblett
|
0-0: Foul Ball, location: 2F 0-1: Ball 1-1: Swinging Strike 1-2: Foul Ball, location: 2F 1-2: Ball 2-2: Strikes out looking
|
Batting: LHB Clyde Yarbrough
|
0-0: Ball 1-0: Foul Ball, location: 2F 1-1: Ball 2-1: Ball 3-1: Called Strike 3-2: Grounds into double play, 4-6-3 (Groundball, 34)
|
Top of the 5th over - 0 run(s), 1 hit(s), 0 error(s), 0 left on base; Niagara Falls 2 - Plymouth 1 |
BOTTOM OF THE 5TH |
Plymouth Rocks batting - Pitching for Niagara Falls Frenzy : RHP Tom Moore
|
Batting: RHB José Flores
|
0-0: SINGLE (Line Drive, 7LM)
|
Batting: RHB Ray Yates
|
0-0: Called Strike José Flores steals 2nd base 0-1: Ball 1-1: SINGLE (Groundball, 6MD) (infield hit) José Flores to third
|
Batting: RHB Anthony Rucker
|
0-0: Ball 1-0: Called Strike 1-1: Ball 2-1: Ball 3-1: Foul Ball, location: 2F 3-2: Foul Ball, location: 2F 3-2: Foul Ball, location: 2F 3-2: Strikes out swinging
|
Batting: RHB Luis Sánchez
|
0-0: Called Strike Ray Yates steals 2nd base 0-1: Ball 1-1: Fly out, F6 (Popup, 6)
|
Batting: RHB Andrés Lara
|
0-0: Fly out, F8 (Flyball, 8RM)
|
Bottom of the 5th over - 0 run(s), 2 hit(s), 0 error(s), 2 left on base; Niagara Falls 2 - Plymouth 1 |
TOP OF THE 6TH |
Niagara Falls Frenzy batting - Pitching for Plymouth Rocks : RHP Lorenzo Aguilar
|
Batting: LHB Dante Owens
|
0-0: Ball 1-0: Called Strike 1-1: Ball 2-1: Ball 3-1: Base on Balls
|
Batting: RHB Lawrence Schroeder
|
0-0: Ball 1-0: Called Strike 1-1: Ball 2-1: Called Strike 2-2: Ball 3-2: SINGLE (Groundball, 4M) Dante Owens to second
|
Batting: LHB Bill Hall
|
0-0: Called Strike 0-1: Ball 1-1: Foul Ball, location: 2F 1-2: Ball Wild Pitch! Dante Owens to third Lawrence Schroeder to second 2-2: Ball 3-2: Foul Ball, location: 2F 3-2: Base on Balls
|
Pitching: RHP Luis Cortéz
|
|
Batting: RHB Ángel Hinojosa
|
0-0: Called Strike 0-1: Ball 1-1: Foul Ball, location: 2F 1-2: Ground out 5-3 (Groundball, 15S) Dante Owens scores Lawrence Schroeder to third Bill Hall to second
|
Batting: RHB Jung-ha Kim
|
0-0: Ball 1-0: 3-RUN HOME RUN (Flyball, 8LXD), Distance : 448 ft
|
Batting: RHB Santiago Zambrano
|
0-0: Ball 1-0: Called Strike 1-1: Swinging Strike 1-2: Strikes out swinging
|
Batting: SHB Martín De Jesús
|
0-0: Foul Ball, location: 2F 0-1: Fly out, F6 (Popup, 6D)
|
Top of the 6th over - 4 run(s), 2 hit(s), 0 error(s), 0 left on base; Niagara Falls 6 - Plymouth 1 |
BOTTOM OF THE 6TH |
Plymouth Rocks batting - Pitching for Niagara Falls Frenzy : RHP Tom Moore
|
Batting: LHB Roy Patrick
|
0-0: Swinging Strike 0-1: Called Strike 0-2: Foul Ball, location: 2F 0-2: Ball 1-2: Foul Ball, location: 2F 1-2: Strikes out looking
|
Batting: SHB Greg Welch
|
0-0: Ball 1-0: Ball 2-0: Foul Ball, location: 2F 2-1: Foul Ball, location: 2F 2-2: Foul Ball, location: 2F 2-2: Fly out, F7 (Flyball, 7LSF)
|
Batting: LHB Barrett Waters
|
0-0: Fly out, F7 (Flyball, 7S)
|
Bottom of the 6th over - 0 run(s), 0 hit(s), 0 error(s), 0 left on base; Niagara Falls 6 - Plymouth 1 |
TOP OF THE 7TH |
Niagara Falls Frenzy batting - Pitching for Plymouth Rocks : RHP Luis Cortéz
|
Batting: RHB Zander Tremblett
|
0-0: Ball 1-0: Called Strike 1-1: Called Strike 1-2: Ball 2-2: Ball 3-2: Foul Ball, location: 2F 3-2: SINGLE (Line Drive, 9LS)
|
Batting: LHB Clyde Yarbrough
|
0-0: Fielders Choice at 2nd, 1-6 (Groundball, 13S)
|
Batting: LHB Dante Owens
|
0-0: Foul Ball, location: 2F 0-1: Swinging Strike 0-2: Foul Ball, location: 2F 0-2: Ball 1-2: 2-RUN HOME RUN (Flyball, 9D), Distance : 378 ft
|
Pitching: LHP Carl Lewis
|
|
Batting: RHB Lawrence Schroeder
|
0-0: Ball 1-0: Called Strike 1-1: Ball 2-1: Ground out 6-3 (Groundball, 6M)
|
Batting: LHB Bill Hall
|
0-0: Called Strike 0-1: Ball 1-1: Swinging Strike 1-2: Ground out U3 (Groundball, 3)
|
Top of the 7th over - 2 run(s), 2 hit(s), 0 error(s), 0 left on base; Niagara Falls 8 - Plymouth 1 |
BOTTOM OF THE 7TH |
Plymouth Rocks batting - Pitching for Niagara Falls Frenzy : RHP Tom Moore
|
Batting: RHB António Zúńiga
|
0-0: Foul Ball, location: 2F 0-1: Ground out 2-3 (Groundball, 23)
|
Batting: RHB José Flores
|
0-0: Called Strike 0-1: Swinging Strike 0-2: Foul Ball, location: 2F 0-2: Ground out U3 (Groundball, 3F)
|
Batting: RHB Ray Yates
|
0-0: Called Strike 0-1: Swinging Strike 0-2: Ground out 6-3 (Groundball, 6M)
|
Bottom of the 7th over - 0 run(s), 0 hit(s), 0 error(s), 0 left on base; Niagara Falls 8 - Plymouth 1 |
TOP OF THE 8TH |
Niagara Falls Frenzy batting - Pitching for Plymouth Rocks : LHP Carl Lewis
|
Batting: RHB Ángel Hinojosa
|
0-0: Swinging Strike 0-1: Ball 1-1: Swinging Strike 1-2: Ball 2-2: Foul Ball, location: 2F 2-2: Strikes out swinging
|
Batting: RHB Jung-ha Kim
|
0-0: Swinging Strike 0-1: Foul Ball, location: 2F 0-2: Ball 1-2: Ball 2-2: Strikes out swinging
|
Batting: RHB Santiago Zambrano
|
0-0: Ball 1-0: Swinging Strike 1-1: Ground out 4-3 (Groundball, 4)
|
Top of the 8th over - 0 run(s), 0 hit(s), 0 error(s), 0 left on base; Niagara Falls 8 - Plymouth 1 |
BOTTOM OF THE 8TH |
Plymouth Rocks batting - Pitching for Niagara Falls Frenzy : RHP Tom Moore
|
Pitching: LHP António Bueno
|
|
Now at SS: Keitaro Suzuki
|
|
Batting: RHB Anthony Rucker
|
0-0: Called Strike 0-1: Ball 1-1: Fly out, F4 (Popup, 4M)
|
Batting: RHB Luis Sánchez
|
0-0: Fly out, F8 (Flyball, 8LM)
|
Batting: RHB Andrés Lara
|
0-0: Ground out 6-3 (Groundball, 6)
|
Bottom of the 8th over - 0 run(s), 0 hit(s), 0 error(s), 0 left on base; Niagara Falls 8 - Plymouth 1 |
TOP OF THE 9TH |
Niagara Falls Frenzy batting - Pitching for Plymouth Rocks : LHP Carl Lewis
|
Batting: SHB Martín De Jesús
|
0-0: Foul Ball, location: 2F 0-1: Foul Ball, location: 2F 0-2: Ball 1-2: Foul Ball, location: 2F 1-2: Ball 2-2: Ball 3-2: Foul Ball, location: 2F 3-2: Strikes out swinging
|
Batting: RHB Zander Tremblett
|
0-0: Ball 1-0: Foul Ball, location: 2F 1-1: Fly out, F7 (Flyball, 7D)
|
Batting: LHB Clyde Yarbrough
|
0-0: Called Strike 0-1: Ground out 4-3 (Groundball, 34)
|
Top of the 9th over - 0 run(s), 0 hit(s), 0 error(s), 0 left on base; Niagara Falls 8 - Plymouth 1 |
BOTTOM OF THE 9TH |
Plymouth Rocks batting - Pitching for Niagara Falls Frenzy : LHP António Bueno
|
Batting: LHB Roy Patrick
|
0-0: Foul Ball, location: 2F 0-1: Ball 1-1: Foul Ball, location: 2F 1-2: Foul Ball, location: 2F 1-2: Fly out, F7 (Flyball, 7LMF)
|
Batting: SHB Greg Welch
|
0-0: Ground out 6-3 (Groundball, 6)
|
Batting: LHB Barrett Waters
|
0-0: Called Strike 0-1: Ground out 4-3 (Groundball, 4)
|
Bottom of the 9th over - 0 run(s), 0 hit(s), 0 error(s), 0 left on base; Niagara Falls 8 - Plymouth 1 |
|